 Dungeon Crawl Stone Soup version 0.28.0 (webtiles) character file.

Game seed: 16932726241807820620

6055 spaghetti the Covert (level 10, -1/67 HPs)
             Began as a Demonspawn Brigand on Feb 18, 2022.
             Was a Priest of Dithmenos.
             Slain by a killer bee (10 damage)
             ... on level 9 of the Dungeon.
             The game lasted 00:19:03 (12350 turns).

spaghetti the Covert (Demonspawn Brigand)          Turns: 12350, Time: 00:19:04

Health: -1/67      AC:  8    Str: 13    XL:     10   Next: 57%
Magic:  4/10       EV: 11    Int: 17    God:    Dithmenos [***...]
Gold:   459        SH: 11    Dex: 15    Spells: 7/9 levels left

rFire   + . .      SeeInvis .   b - +1 falchion (protect)
rCold   . . .      Faith    .   x - +2 kite shield
rNeg    . . .      Spirit   .   i - +0 troll leather armour
rPois   .          Reflect  .   (no helmet)
rElec   .          Harm     .   c - +1 cloak
rCorr   .          Rampage  .   (no gloves)
Will    .....                   (no boots)
Stlth   ++++++....              (no amulet)
HPRegen 1.01/turn               t - ring of protection from fire
MPRegen 0.12/turn               (no ring)

@: lethally poisoned (-1 -> -1), wreathed by umbra
A: hooves 2, spiny 1, sharp scales 2, demonic magic 1, strong 1
a: Renounce Religion, Shadow Step


You were on level 9 of the Dungeon.
You worshipped Dithmenos.
Dithmenos was most pleased with you.
You visited 1 branch of the dungeon, and saw 9 of its levels.

You collected 459 gold pieces.

Inventory:

Hand Weapons
 a - a +2 dagger
 b - a +1 falchion of protection (weapon)
Missiles
 d - 22 poisoned darts (quivered)
 e - 2 curare-tipped darts
 o - a throwing net
Armour
 c - a +1 cloak (worn)
 h - a scarf of harm
 i - a +0 troll leather armour (worn)
 x - a +2 kite shield (worn)
Magical Staves
 w - a staff of fire
Jewellery
 t - a ring of protection from fire (left hand)
Wands
 k - a wand of digging (8)
 s - a wand of flame (31)
Scrolls
 f - a scroll of magic mapping
 l - a scroll of noise
 p - 2 scrolls of enchant weapon
 r - a scroll of torment
 u - a scroll of fog
 D - a scroll of enchant armour
Potions
 n - a potion of brilliance
 v - a potion of cancellation
 z - 3 potions of attraction


   Skills:
 - Level 2.0 Fighting
 - Level 10.0 Short Blades
 - Level 1.7 Throwing
 + Level 4.4 Dodging
 + Level 10.2 Stealth
 - Level 5.0 Shields


You had 7 spell levels left.
You knew the following spells:

 Your Spells              Type           Power      Damage    Failure   Level
a - Blink                 Tloc           0%         N/A       78%         2

Your spell library contained the following spells:

 Spells                   Type           Power      Damage    Failure   Level
 Foxfire                  Conj/Fire      0%         2x1d4     65%         1
 Magic Dart               Conj           0%         1d3       65%         1
 Call Imp                 Summ           0%         N/A       78%         2
 Conjure Flame            Conj/Fire      0%         6-21      95%         3
 Inner Flame              Hex/Fire       0%         N/A       95%         3
 Mephitic Cloud           Conj/Pois/Air  0%         N/A       95%         3
 Summon Guardian Golem    Hex/Summ       0%         N/A       95%         3
 Flame Wave               Conj/Fire      0%         2d4       100%        4
 Manifold Assault         Tloc           0%         N/A       100%        5
 Orb of Destruction       Conj           0%         9d5       100%        7
 Spellforged Servitor     Conj/Summ      0%         N/A       100%        7
 Storm Form               Tmut/Air       0%         N/A       100%        7


Dungeon Overview and Level Annotations

Branches:
Dungeon (9/15)             Temple (0/1) D:5             Orc (0/2) D:9
   Lair: D:8-11

Altars:
Ashenzari
Dithmenos
Hepliaklqana
Wu Jian

Shops:
D:1 (

Annotations:
D:5 Edmund
D:7 2 transporters, Sanktem7's ghost, novice GrEE


Innate Abilities, Weirdness & Mutations

You have hoof-like feet.
You are partially covered in sharp spines.
You are mostly covered in razor-sharp scales. (AC +2, Slay +2)
Spells you cast may paralyse adjacent enemies.
Your muscles are strong. (Str +2)


Message History

Aiming: Shadow Step
Press: ? - help, Dir - move target, f - killer bee
Aim: a killer bee (slow, umbra)
You step into the killer bee's shadow.
You feel sick. The killer bee closely misses you.
You feel sick. You block the killer bee's attack.
You feel sick.
You feel sick.
You feel sick.
You see here a killer bee corpse.
You feel sick.
You feel sick.
You are no longer poisoned.
The killer bee looks more energetic.
The killer bee stings you but does no damage.
The killer bee stings you.
* * * LOW HITPOINT WARNING * * *
You are poisoned.
The killer bee poisons you! The killer bee barely misses you.
Okay, then.
Okay, then.
Okay, then.
Aiming: Shadow Step
Press: ? - help, Dir - move target, f/p - killer bee
Aim: a killer bee (umbra)
You step into the killer bee's shadow.
You feel very sick. You block the killer bee's attack.
You feel sick. The killer bee closely misses you.
The queen bee calls on the killer bee to defend it!
The killer bee goes berserk!
The killer bee stings you but does no damage.
You feel sick. You block the killer bee's attack. x2
Okay, then.
Okay, then.
You barely miss the killer bee. Your kick misses the killer bee.
You feel sick. You block the killer bee's attack.
The killer bee closely misses you.
The queen bee calls on something to defend it!
The killer bee stings you!
You die...

...##..........#yy†y
....#........#.#.yy.
....#.#........y...!
..#...##.###...#####
.###.....#...y...# .
##.##....#.†..# .
####.#####.### #
##......##.#######
...........#@#...##
#.#..###$..#yy†.....#
# ### #...#.##...###
##(.###y...#
##.##.....#
#..##.....#.##
........#####
!.##...†.# ....##.###


You could see a queen bee and a killer bee (berserk).

Vanquished Creatures
  A centaur zombie (D:6)
  A gargoyle (D:7)
  A troll (D:9)
  A wyvern (D:9)
  Sigmund (D:5)
  4 yaks
  A wraith (D:9)
  A steam dragon (D:5)
  An acid dragon (D:9)
  2 water moccasins (D:8)
  A sky beast (D:7)
  A black bear (D:6)
  6 orc warriors
  2 necrophages
  4 centaurs
  2 phantoms
  4 bullfrogs
  2 scorpions (D:4)
  20 killer bees
  A howler monkey (D:5)
  A bullfrog zombie (D:7)
  5 orc priests
  4 hounds
  3 jellies
  A centaur skeleton (D:7)
  11 iguanas
  5 orc wizards
  A killer bee zombie (D:6)
  2 hound skeletons (D:4)
  A howler monkey zombie (D:7)
  5 gnolls
  4 adders
  A shadow imp (D:6)
  2 dart slugs
  22 orcs
  6 ball pythons
  11 endoplasms
  6 giant cockroaches
  5 goblins
  11 hobgoblins
  A quokka (D:2)
  5 bats
  2 frilled lizards
  8 kobolds
  5 rats
185 creatures vanquished.

Vanquished Creatures (others)
  A fungus (D:7)
  2 plants (D:7)
3 creatures vanquished.

Grand Total: 188 creatures vanquished

Notes
Turn   | Place    | Note
-------+----------+-------------------------------------------
     0 | D:1      | spaghetti the Demonspawn Brigand began the quest for the
                  | Orb.
     0 | D:1      | Reached XP level 1. HP: 16/16 MP: 1/1
   383 | D:1      | Gained mutation: You are partially covered in sharp spines.
                  | [demonic ancestry]
   383 | D:1      | Reached XP level 2. HP: 17/22 MP: 2/2
   642 | D:1      | Found Jecu Guf's Antique Weapon Shop.
  1231 | D:2      | Found a faded altar of an unknown god.
  1253 | D:2      | Gained mutation: You are partially covered in razor-sharp
                  | scales. (AC +1, Slay +1) [demonic ancestry]
  1253 | D:2      | Reached XP level 3. HP: 27/27 MP: 3/3
  1259 | D:2      | Prayed at the altar of an unknown god.
  1259 | D:2      | Became a worshipper of Dithmenos the Shadowed
  1259 | D:2      | Reached * piety under Dithmenos
  1503 | D:2      | You fall into a shaft and drop 2 floors!
  1630 | D:4      | Noticed a scorpion
  1633 | D:4      | Killed a scorpion
  1634 | D:4      | Reached XP level 4. HP: 33/33 MP: 4/4
  1661 | D:4      | Reached XP level 5. HP: 26/38 MP: 5/5
  1803 | D:4      | Reached skill level 5 in Short Blades
  2041 | D:3      | Reached ** piety under Dithmenos
  2500 | D:3      | Gained mutation: Spells you cast may paralyse adjacent
                  | enemies. [demonic ancestry]
  2500 | D:3      | Reached XP level 6. HP: 38/44 MP: 6/6
  3538 | D:4      | Found an ornate altar of the Wu Jian Council.
  4171 | D:5      | Entered Level 5 of the Dungeon
  4172 | D:5      | Found a hazy altar of Hepliaklqana.
  4383 | D:5      | Reached XP level 7. HP: 40/50 MP: 7/7
  4499 | D:5      | Noticed a steam dragon
  4519 | D:5      | Killed a steam dragon
  4520 | D:5      | Reached skill level 5 in Stealth
  4911 | D:5      | Noticed Sigmund
  4917 | D:5      | Found a staircase to the Ecumenical Temple.
  4917 | D:5      | Noticed Edmund
  5392 | D:5      | Killed Sigmund
  5393 | D:5      | Gained mutation: You are mostly covered in razor-sharp
                  | scales. (AC +2, Slay +2) [demonic ancestry]
  5393 | D:5      | Reached XP level 8. HP: 45/56 MP: 8/8
  5618 | D:6      | Reached *** piety under Dithmenos
  5879 | D:6      | Learned a level 2 spell: Blink
  6434 | D:7      | Gained mutation: You have large cloven feet. [demonic
                  | ancestry]
  6434 | D:7      | Reached XP level 9. HP: 20/61 MP: 9/9
  6638 | D:7      | Found a broken altar of Ashenzari.
  6642 | D:7      | Saw a vision of the Swamp and the Snake Pit.
  6642 | D:7      | Noticed an alligator
  6642 | D:7      | Noticed a goliath frog
  6642 | D:7      | Noticed a naga mage
  6644 | D:7      | Noticed a naga sharpshooter
  6644 | D:7      | Noticed a goliath frog
  6645 | D:7      | Noticed a naga mage
  6800 | D:7      | Reached skill level 1 in Shields
  7284 | D:7      | Found a transporter.
  7287 | D:7      | Noticed Sanktem7's ghost (novice GrEE)
  7306 | D:7      | Noticed a moth of wrath
  7322 | D:7      | Found a transporter.
  7418 | D:7      | Noticed a gargoyle
  7909 | D:7      | HP: 2/61 [gargoyle/stone arrow (17)]
  7911 | D:7      | Killed a gargoyle
  8942 | D:8      | Reached **** piety under Dithmenos
  9590 | D:7      | Reached skill level 1 in Dodging
 10651 | D:8      | Gained mutation: You have hoof-like feet. [demonic
                  | ancestry]
 10651 | D:8      | Reached XP level 10. HP: 63/67 MP: 10/10
 11506 | D:8      | Reached skill level 10 in Short Blades
 11625 | D:9      | Identified the +5 mace "Yskakoi" {spect, rC+ rN++ Will-}
 12023 | D:9      | Gained mutation: Your muscles are strong. (Str +2) [potion
                  | of mutation]
 12099 | D:9      | Found a staircase to the Orcish Mines.
 12134 | D:9      | Reached skill level 5 in Shields
 12301 | D:9      | Reached skill level 10 in Stealth
 12350 | D:9      | Slain by a killer bee

Illustrated notes

Levels and vault maps discovered:
D:1:      minmay_arrival_up_and_down, layout_basic, serial_shops,
          nicolae_lakefront_shop, moated_statue, amcnicky_mini_pool_small
D:2:      layout_loops_ring, hellmonk_ecumenical_altar_crossroads
D:3:      layout_loops_ring
D:4:      layout_basic, mainiacjoe_overflow_alcove_2
D:5:      layout_rooms, mainiacjoe_overflow_boulevard,
          minmay_temple_entry_statues_fountains, kennysheep_generic_room_9,
          uniq_edmund, uniq_sigmund
D:6:      layout_cave_pools
D:7:      minmay_thick_lines, layout_basic, grunt_ashenzari_visionary
          [grunt_ashenzari_visionary_swamp, grunt_ashenzari_visionary_snake],
          enter_bailey_4, gammafunk_ghost_berserking_beasts
D:8:      layout_basic
D:9:      layout_cave_pools, david_orc_4, special_room [special_room_bee]

Skill      XL: |  1  2  3  4  5  6  7  8  9 10 |
---------------+-------------------------------+-----
Short Blades   | 2 3 4 5 6 7 8 9 10 | 10.0
Stealth        | 4 6 7 9 10 | 10.2
Shields        | 4 5 |  5.0
Dodging        | 2 4 |  4.4
Fighting       | |  2.0
Throwing       | |  1.7

Action                   |  1- 3 |  4- 6 |  7- 9 | 10-12 || total
-------------------------+-------+-------+-------+-------++-------
Melee: Dagger            |    70 |   119 |   357 |   146 ||   692
       Punch             |     1 |       |     1 |       ||     2
       Kick              |       |       |    72 |    53 ||   125
       Falchion          |       |       |       |    33 ||    33
Throw: Dart              |     4 |     2 |       |       ||     6
Invok: Shadow Step       |       |       |       |     4 ||     4
Evoke: Wand              |       |       |    11 |     3 ||    14
  Use: Scroll            |       |     8 |     3 |     7 ||    18
       Potion            |       |       |     6 |     6 ||    12
 Stab: Sleeping          |    14 |    10 |    12 |     1 ||    37
       Distracted        |       |       |     1 |     1 ||     2
Armor: Robe              |    17 |     9 |    50 |    22 ||    98
       Troll leather arm |       |       |       |    43 ||    43
Dodge: Dodged            |    25 |    46 |   137 |   130 ||   338
Block: Kite shield       |       |       |    83 |   155 ||   238
